 Dungeon Crawl Stone Soup version 0.19-a0-1613-g7c9bbd0 (webtiles) character file.

89 Amciq the Skirmisher (level 4, -4/41 HPs)
             Began as a Hill Orc Monk on Sept 17, 2016.
             Slain by an orc wizard
             ... wielding a +0 dagger of draining
              (5 damage)
             ... on level 2 of the Dungeon.
             The game lasted 00:05:24 (2062 turns).

Amciq the Skirmisher (Hill Orc Monk)                Turns: 2062, Time: 00:05:25

Health: -4/41      AC:  2    Str: 14    XL:     4   Next: 55%
Magic:  4/4        EV: 11    Int: 10    God:
Gold:   59         SH:  0    Dex: 13    Spells: 0 memorised, 3 levels left

rFire  . . .     SeeInvis .     a - +0 hand axe
rCold  . . .     Gourm    .     b - +0 robe
rNeg   . . .     Faith    .     (no shield)
rPois  .         Spirit   .     (no helmet)
rElec  .         Dismiss  .     (no cloak)
rCorr  .         Reflect  .     (no gloves)
MR     .....     Harm     .     (no boots)
Stlth  +.........               (no amulet)
                                (no ring)
                                (no ring)

@: very heavily drained
A: no striking features
a: no special abilities


You were on level 2 of the Dungeon.
You were hungry.

You visited 1 branch of the dungeon, and saw 3 of its levels.

You collected 59 gold pieces.

Inventory:

Hand Weapons
 a - a +0 hand axe (weapon)
Armour
 b - a +0 robe (worn)
Jewellery
 n - a +2 ring of strength {unknown}
 o - an uncursed ring of stealth {unknown}
Scrolls
 e - 3 scrolls of remove curse {unknown}
 f - a scroll of teleportation {unknown}
 i - 3 scrolls of identify {unknown}
 j - a scroll of amnesia {unknown}
 k - 3 scrolls of immolation {unknown}
 l - a scroll of enchant armour {unknown}
 p - 3 scrolls of magic mapping {unknown}
 q - a scroll of noise {unknown}
 r - a scroll of fog {unknown}
Comestibles
 c - a bread ration
 g - 2 meat rations
 m - a beef jerky


   Skills:
 + Level 4.5(1.6) Fighting
 + Level 4.0(1.1) Axes
 + Level 2.3(0.0) Armour
 - Level 2.4(0.0) Dodging
 + Level 2.7(0.0) Stealth


You had 3 spell levels left.
You didn't know any spells.

Dungeon Overview and Level Annotations

Branches:
Dungeon (3/15)

Altars:


Message History

* * * LOW HITPOINT WARNING * * *
You feel drained.
You closely miss the orc wizard.
The orc wizard is severely wounded.
The orc wizard points at you and mumbles some strange words.
The puff of flame hits you!
* * * LOW HITPOINT WARNING * * *
The orc wizard closely misses you.
You hit the orc wizard.
The orc wizard is severely wounded.
The orc wizard hits you with a dagger of draining.
* * * LOW HITPOINT WARNING * * *
You feel drained.
The orc wizard hits you but does no damage.
You feel drained.
You hit the orc wizard.
The orc wizard is almost dead.
The orc wizard barely misses you.
The orc wizard hits you with a dagger of draining.
You die...

#.####.#....(..>
#.# #.........)
#.# #.#.######.
#.# #.#.# #. #.#
#.#.# #. ##.##
#.#.# #.
##s..###.#.# #.
#o###.##...# ##
#@###.....##
#.#.#.###.###
#..#........######
###.##............
#.##.#.##.###.##
#.##.#.##.# #.#
#.##.#.##.# #.#
#.##.#.##.# #.#
#.##.#.##.###.##


You could see an orc wizard and a giant cockroach.

Vanquished Creatures
  3 adders (D:2)
  An ooze (D:1)
  A worm (D:2)
  3 leopard geckos
  An orc (D:2)
  5 bats (D:1)
  A giant cockroach (D:1)
  7 goblins
  6 hobgoblins
  4 jackals (D:1)
  6 kobolds
  A quokka (D:2)
  2 frilled lizards
  6 rats
47 creatures vanquished.

Notes
Turn   | Place    | Note
-------+----------+-------------------------------------------
     0 | D:1      | Amciq the Hill Orc Monk began the quest for the Orb.
     0 | D:1      | Reached XP level 1. HP: 19/19 MP: 1/1
    14 | D:1      | Reached skill level 1 in Armour
    66 | D:1      | Reached XP level 2. HP: 25/27 MP: 2/2
    73 | D:1      | Upgraded the game from 0.19-a0-1611-g7a729d4 to 0.19-a0-1613-g7c9bbd0
   657 | D:1      | Reached XP level 3. HP: 24/33 MP: 3/3
  1268 | D:2      | Reached XP level 4. HP: 14/41 MP: 4/4
  2061 | D:2      | HP: 1/41 [orc wizard/dagger of draining (4)]
  2062 | D:2      | Slain by an orc wizard

Vault maps used:
D:1:      co_arrival_random_square_maze, minmay_bisected
D:3:      first_bread, uniq_iyjb, uniq_crazy_yiuf_cottage, uniq_robin

Skill      XL: |  1  2  3 |
---------------+----------+-----
Armour         | 1 2 |  2.3
Stealth        | 2 |  2.7
Fighting       | 4 |  4.5
Axes           | |  4.0
Dodging        | |  2.4

Action                   |  1- 3 |  4- 6 || total
-------------------------+-------+-------++-------
Melee: Hand axe          |   147 |    42 ||   189
  Use: Potion            |       |     3 ||     3
 Stab: Sleeping          |     3 |     1 ||     4
  Eat: Chunk             |     1 |     2 ||     3
Armor: Robe              |    35 |     7 ||    42
Dodge: Dodged            |   119 |    33 ||   152
